 Dungeon Crawl Stone Soup version 0.27-a0-1256-gced786f65e (webtiles) character file.

Game seed: 7273923483172505690

7653 mdonais the Covert (level 11, -16/77 HPs)
             Began as an Octopode Delver on June 10, 2021.
             Was an Elder of Cheibriados.
             Demolished by Urug
             ... wielding a +2 eveningstar of holy wrath
              (26 damage)
             ... on level 9 of the Dungeon.
             The game lasted 00:45:38 (11671 turns).

mdonais the Covert (Octopode Delver)               Turns: 11671, Time: 00:45:38

Health: -16/77     AC:  1    Str: 23    XL:     11   Next: 18%
Magic:  14/26      EV: 19    Int: 28    God:    Cheibriados [****..]
Gold:   369        SH: 14    Dex: 26    Spells: 8/18 levels left

rFire    . . .     SeeInvis .   b - +3 dagger (protect)
rCold    . . .     Faith    .   m - +3 buckler
rNeg     . . .     Spirit   .   (helmet restricted)
rPois    .         Reflect  +   g - amulet of reflection
rElec    .         Harm     .   o - +6 ring of intelligence
rCorr    .         Rampage  .   A - ring of magical power
Will     .....                  (no ring)
Stlth    +++++.....             (no ring)
HPRegen  0.22/turn              (no ring)
MPRegen  0.20/turn              (no ring)
                                (no ring)
                                (no ring)

@: very slightly contaminated, very slow
A: almost no armour, amphibious, 8 rings, camouflage 1, gelatinous body 1,
(nimble swimmer 1), tentacles
a: Renounce Religion, Bend Time, Temporal Distortion, Slouch


You were on level 9 of the Dungeon.
You worshipped Cheibriados.
Cheibriados was greatly pleased with you.
You visited 1 branch of the dungeon, and saw 10 of its levels.
You also visited: Ossuary.

You collected 471 gold pieces.
You spent 102 gold pieces at shops.

Inventory:

Hand Weapons
 a - a +0 hunting sling
   (You found it on level 2 of the Dungeon)
 b - a +3 dagger of protection (weapon)
   (You took it off a kobold on level 2 of the Dungeon)
 d - a +2 dagger of venom
   (You took it off an orc on level 4 of the Dungeon)
 s - a +0 trident
   (You took it off an orc priest on level 3 of the Dungeon)
 u - a +0 antimagic dagger
   (You found it on level 7 of the Dungeon)
 v - a +0 flail of draining
   (You took it off a gnoll on level 5 of the Dungeon)
 w - a +5 falchion
   (You took it off a wight on level 7 of the Dungeon)
 x - a +2 whip of draining
   (You took it off an orc on level 7 of the Dungeon)
Missiles
 e - 34 sling bullets
 f - 291 stones
 i - 152 bolts
 j - 30 poisoned darts (quivered)
 k - 135 arrows
 t - 12 boomerangs
Armour
 m - a +3 buckler (worn)
   (You found it on level 2 of the Dungeon)
Jewellery
 g - an amulet of reflection (around mantle)
   (You took it off an orc wizard on level 4 of the Dungeon)
 h - an amulet of the acrobat
   (You took it off an orc on level 4 of the Dungeon)
 o - a +6 ring of intelligence (left tentacle)
   (You found it on level 5 of the Dungeon)
 A - a ring of magical power (right tentacle)
   (You found it on level 9 of the Dungeon)
Wands
 D - a wand of digging (3)
 P - a wand of paralysis (1)
   (You took it off a gnoll on level 5 of the Dungeon)
 V - a wand of flame (19)
   (You found it on level 3 of the Dungeon)
Scrolls
 p - 4 scrolls of amnesia
 q - 2 scrolls of torment
 r - a scroll of holy word
 B - 2 scrolls of blinking
 C - a scroll of vulnerability {unknown}
 M - a scroll of magic mapping
 R - 3 scrolls of identify
Potions
 c - 3 potions of heal wounds
 l - 2 potions of flight
 n - 2 potions of brilliance
 z - 2 potions of magic


   Skills:
 + Level 7.8 Fighting
 - Level 7.2 Short Blades
 - Level 6.4 Dodging
 - Level 8.0 Stealth
 - Level 4.0 Shields
 - Level 4.0 Spellcasting
 - Level 7.0 Conjurations
 - Level 6.0 Fire Magic
 - Level 4.0 Evocations


You had 8 spell levels left.
You knew the following spells:

 Your Spells              Type           Power      Damage    Failure   Level
a - Foxfire               Conj/Fire      100%       2x1d9     1%          1
b - Sticky Flame          Conj/Fire      42%        2d6       4%          4
c - Fireball              Conj/Fire      21%        3d10      14%         5

Your spell library contained the following spells:

 Spells                   Type           Power      Damage    Failure   Level
 Conjure Flame            Conj/Fire      42%        6-21      1%          3
 Inner Flame              Hex/Fire       22%        N/A       6%          3
 Freeze                   Ice            20%        1d4       8%          1
 Hailstorm                Conj/Ice       25%        3d7       17%         4
 Frozen Ramparts          Ice            10%        1d3       22%         3
 Ozocubu's Armour         Ice            5%         N/A       22%         3
 Metabolic Englaciation   Hex/Ice        2%         N/A       90%         5


Dungeon Overview and Level Annotations

Branches:
Dungeon (10/15)            Temple (0/1) D:5             Orc (0/2) D:9
Ossuary (visited)
   Lair: D:8-11

Altars:
Cheibriados
Dithmenos
Gozag
Vehumet
The Shining One

Shops:
D:2 *

Annotations:
D:9 Urug


Innate Abilities, Weirdness & Mutations

You cannot wear most types of armour.
You are amphibious.
You can wear up to eight rings at the same time.
Your skin changes colour to match your surroundings (Stealth+).
Your rubbery body absorbs attacks. (AC +1, EV +1)
((You are camouflaged near water. (Stealth+)))
You have tentacles for arms and can constrict up to eight enemies at once.


Message History

Aiming: Sticky Flame (dangerous; 6% risk of failure)
Press: ? - help, Shift-Dir - straight line, f - yak
Aim: a yak (100% to hit)
The sticky flame hits the yak.
The yak is lightly wounded.
The yak is covered in liquid flames!
The yak burns!
You kill the yak!
Cheibriados appreciates the change of pace.
The yak burns!
You block the yak's attack.
You now have 6/26 mp.
Casting: Sticky Flame (dangerous; 5% risk of failure)
Confirm with . or Enter, or press ? or * to list all spells.
You conjure some foxfire!
The yak burns!
You block the yak's attack.
You now have 5/26 mp.
You hit the yak but do no damage.
Your weapon exudes an aura of protection.
The yak is moderately wounded.
The yak burns!
The yak stops burning.
The foxfire hits the yak.
The yak is heavily wounded.
The foxfire hits the yak.
The yak is heavily wounded.
Casting: Foxfire (safe; 1% risk of failure)
Confirm with . or Enter, or press ? or * to list all spells.
You conjure some foxfire!
The yak closely misses you.
You hit the yak. You squeeze the yak!
The yak is severely wounded.
The foxfire hits the yak!
The yak is almost dead.
The yak gores you but does no damage.
The foxfire hits the yak.
The yak is almost dead.
Casting: Foxfire (safe; 1% risk of failure)
Confirm with . or Enter, or press ? or * to list all spells.
You conjure some foxfire!
You block the yak's attack.
You now have 4/26 mp.
You hit the yak. You squeeze the yak, but do no damage.
The yak is almost dead.
The foxfire hits the yak.
You kill the yak!
Cheibriados thoroughly appreciates the change of pace.
Cheibriados raises the support of your attributes as your movement slows.
Training target 7.0 for Conjurations reached!
Your Conjurations skill increases to level 7!
You need to enable at least one skill for training.
Your foxfire dissipates!
HP restored.
There is an open door here.
There is a stone staircase leading down here.
Health restored: 76 You regained 7 mp, and now have 12/26 mp.
You start resting.
Magic restored.
MP restored: 26 You climb downwards.
A necrophage, 2 wights, Urug and a zombie come into view.
Urug is wielding a +2 eveningstar of holy wrath.
Found a purple potion.
There is a stone staircase leading up here.
Casting: Foxfire (safe; 1% risk of failure)
Confirm with . or Enter, or press ? or * to list all spells.
You conjure some foxfire!
You now have 25/26 mp.
Casting: Foxfire (safe; 1% risk of failure)
Confirm with . or Enter, or press ? or * to list all spells.
You conjure some foxfire!
The foxfire hits the centaur zombie.
The centaur zombie is lightly damaged.
The foxfire hits the centaur zombie.
The centaur zombie is moderately damaged.
You now have 24/26 mp.
You hit the centaur zombie.
Your weapon exudes an aura of protection.
The centaur zombie is heavily damaged.
The foxfire hits the centaur zombie.
The centaur zombie is heavily damaged.
You block the centaur zombie's attack. x2; The foxfire hits the centaur zombie.
The centaur zombie is severely damaged.
Casting: Foxfire (safe; 1% risk of failure)
Confirm with . or Enter, or press ? or * to list all spells.
Aiming: Sticky Flame (dangerous; 4% risk of failure)
Press: ? - help, Shift-Dir - straight line, f - wight
Aim: a wight, wielding a +3 hand axe and wearing a +0 robe (100% to hit)
The sticky flame hits the wight!
The wight is heavily damaged.
The wight is covered in liquid flames!
The wight burns!
You block the centaur zombie's attack. The centaur zombie closely misses you.
You block the wight's attack. The centaur zombie misses you.
The centaur zombie kicks you but does no damage.
You now have 20/26 mp.
Casting: Sticky Flame (dangerous; 4% risk of failure)
Confirm with . or Enter, or press ? or * to list all spells.
Aiming: Sticky Flame (dangerous; 4% risk of failure)
Press: ? - help, Shift-Dir - straight line, f - centaur zombie, p - wight
Aim: a centaur zombie (severely damaged, 100% to hit)
The sticky flame hits the centaur zombie!
The centaur zombie is almost destroyed.
The centaur zombie is covered in liquid flames!
The centaur zombie burns!
The wight burns!
You destroy the wight!
Cheibriados thoroughly appreciates the change of pace.
The centaur zombie misses you. You block the centaur zombie's attack.
Health restored: 77 You now have 17/26 mp.
The centaur zombie burns!
You destroy the centaur zombie!
Cheibriados appreciates the change of pace.
Urug hits you with a +2 eveningstar of holy wrath!!
You climb upwards.
There is a stone staircase leading down here.
You take 21 damage, and have 56/77 hp.
MASSIVE DAMAGE!!
Casting: Sticky Flame (dangerous; 4% risk of failure)
Confirm with . or Enter, or press ? or * to list all spells.
Aiming: Sticky Flame (dangerous; 4% risk of failure)
Press: ? - help, Shift-Dir - straight line, f - Urug
Aim: Urug, wielding a +2 eveningstar of holy wrath, wearing a +0 ring mail and quivering javelins (100% to hit)
You miscast Sticky Flame.
You are very lightly contaminated with residual magic.
You are caught in a violent explosion.
Urug misses you.
You take 5 damage, and have 51/77 hp.
You now have 13/26 mp.
Aiming: Paralyse
Press: ? - help, Shift-Dir - straight line, f/p - Urug
Aim: Urug, wielding a +2 eveningstar of holy wrath, wearing a +0 ring mail and quivering javelins (chance to affect: 40%) Urug resists with some effort.
Urug hits you with a +2 eveningstar of holy wrath!
You take 17 damage, and have 34/77 hp.
MASSIVE DAMAGE!!
Aiming: Paralyse
Press: ? - help, Shift-Dir - straight line, f/p - Urug
Aim: Urug, wielding a +2 eveningstar of holy wrath, wearing a +0 ring mail and quivering javelins (chance to affect: 40%) Urug resists with some effort.
Urug hits you with a +2 eveningstar of holy wrath!!
* * * LOW HITPOINT WARNING * * *
You take 25 damage, and have 9/77 hp.
MASSIVE DAMAGE!!
Aiming: Paralyse
Press: ? - help, Shift-Dir - straight line, f/p - Urug
Aim: Urug, wielding a +2 eveningstar of holy wrath, wearing a +0 ring mail and quivering javelins (chance to affect: 40%) Urug resists with some effort.
Urug barely misses you.
Aiming: Paralyse
Press: ? - help, Shift-Dir - straight line, f/p - Urug
Aim: Urug, wielding a +2 eveningstar of holy wrath, wearing a +0 ring mail and quivering javelins (chance to affect: 40%) Urug resists with some effort.
Urug suddenly curses.
Urug closely misses you.
Aiming: Paralyse
Press: ? - help, Shift-Dir - straight line, f/p - Urug
Aim: Urug, wielding a +2 eveningstar of holy wrath, wearing a +0 ring mail and quivering javelins (chance to affect: 40%) Urug resists with some effort.
You block Urug's attack.
Aiming: Paralyse
Press: ? - help, Shift-Dir - straight line, f/p - Urug
Aim: Urug, wielding a +2 eveningstar of holy wrath, wearing a +0 ring mail and quivering javelins (chance to affect: 40%) Urug resists with some effort.
Urug hits you with a +2 eveningstar of holy wrath!!
You die...

####'######## # #.# # #.# #
#.# ## #.# ##############
#.
##.#########............#
#.
###.......................#
#.
.....#########............#
####) ####.#
#..@.........###.... # #.#
#..o.............##. #.#
#............######. #.#
#............# #. #.#
###########.## ## #.# ##.#
###.# #..# #...# #.###
#.### #...#


You could see Urug.

Vanquished Creatures
  A two-headed ogre (D:9)
  A cyclops (D:9)
  2 trolls
  14 yaks
  2 steam dragons
  An ice beast (D:7)
  3 necrophages
  3 orc warriors (D:8)
  3 sky beasts
  5 ogres
  2 centaurs
  3 elf zombies (Ossuary)
  4 bullfrogs
  A scorpion (D:5)
  A water moccasin zombie (D:5)
  A wyvern skeleton (D:5)
  8 killer bees
  13 wights
  A howler monkey (D:6)
  3 centaur zombies
  2 hounds
  A human zombie (Ossuary)
  4 orc priests
  2 jellies
  A bullfrog skeleton (D:5)
  Terence (D:2)
  4 orc wizards
  2 killer bee zombies
  3 mummies (Ossuary)
  A howler monkey zombie (D:9)
  7 gnolls
  7 adders
  An ufetubus (D:6)
  2 adder zombies (Ossuary)
  2 worms (D:4)
  2 dart slugs
  20 orcs
  6 ball pythons
  10 endoplasms
  A giant cockroach (D:3)
  4 gnoll zombies (Ossuary)
  7 goblins
  8 hobgoblins
  5 jackals
  9 kobolds
  6 quokkas
  6 bats
  4 frilled lizards
  4 goblin zombies (Ossuary)
  5 hobgoblin zombies (Ossuary)
  3 jackal zombies (Ossuary)
  2 kobold zombies (Ossuary)
  2 orc zombies (Ossuary)
  2 quokka zombies (Ossuary)
  5 rats
  5 rat zombies (Ossuary)
228 creatures vanquished.

Vanquished Creatures (others)
  304 foxfires
304 creatures vanquished.

Grand Total: 532 creatures vanquished

Notes
Turn   | Place    | Note
-------+----------+-------------------------------------------
     0 | D:5      | mdonais the Octopode Delver began the quest for the Orb.
     0 | D:5      | Reached XP level 1. HP: 16/16 MP: 1/1
     4 | D:5      | Noticed a water moccasin zombie
    27 | D:5      | Noticed a scorpion
   120 | D:5      | Noticed an ogre
   126 | D:4      | Reached XP level 2. HP: 21/21 MP: 2/2
   129 | D:4      | Noticed a necrophage
   594 | D:3      | Reached XP level 3. HP: 27/27 MP: 3/3
   614 | D:2      | Found Ofevutal's Assorted Antiques.
   618 | D:2      | Noticed Terence
   634 | D:2      | Killed Terence
   643 | D:2      | Reached XP level 4. HP: 28/33 MP: 4/4
  2006 | D:2      | Found a faded altar of an unknown god.
  2399 | D:3      | Reached XP level 5. HP: 33/37 MP: 5/5
  2455 | D:3      | Reached skill level 1 in Shields
  2919 | D:3      | Noticed an ogre
  2936 | D:3      | Killed an ogre
  2937 | D:3      | Reached XP level 6. HP: 25/44 MP: 6/6
  3319 | D:3      | Found a snail-covered altar of Cheibriados.
  3327 | D:3      | Became a worshipper of Cheibriados the Contemplative
  3395 | D:2      | Bought a scroll labelled SAFFEMOINK for 27 gold pieces
  3395 | D:2      | Bought a bubbling pink potion for 24 gold pieces
  3395 | D:2      | Bought a golden potion for 24 gold pieces
  3395 | D:2      | Bought a scroll labelled NIYMIA LOURO for 27 gold pieces
  3447 | D:4      | Killed a necrophage
  3603 | D:4      | Reached skill level 5 in Fighting
  3772 | D:4      | Reached XP level 7. HP: 14/50 MP: 7/7
  4046 | D:4      | Reached skill level 1 in Evocations
  4437 | D:4      | Reached skill level 7 in Stealth
  4500 | D:4      | Reached * piety under Cheibriados
  4977 | D:5      | Found a staircase to the Ecumenical Temple.
  5188 | D:5      | Reached skill level 5 in Short Blades
  5188 | D:5      | Reached XP level 8. HP: 54/56 MP: 8/8
  5323 | D:5      | Noticed a troll
  5328 | D:5      | HP: 1/56 [troll (8)]
  5705 | D:5      | Killed a troll
  5949 | D:5      | Reached skill level 8 in Stealth
  6059 | D:6      | Found a sand-covered staircase.
  6071 | Ossuary  | Entered an ossuary
  6255 | Ossuary  | Reached ** piety under Cheibriados
  6566 | D:6      | Learned a level 1 spell: Foxfire
  6571 | D:6      | Learned a level 4 spell: Sticky Flame
  6895 | D:6      | Reached XP level 9. HP: 63/63 MP: 8/10
  6918 | D:6      | Reached skill level 1 in Spellcasting
  6918 | D:6      | Reached skill level 1 in Conjurations
  6918 | D:6      | Reached skill level 1 in Fire Magic
  8561 | D:7      | Reached *** piety under Cheibriados
  8705 | D:8      | Noticed a troll
  9208 | D:8      | Reached XP level 10. HP: 48/69 MP: 3/14
  9404 | D:8      | Found a shadowy altar of Dithmenos.
  9466 | D:8      | Reached skill level 5 in Conjurations
  9466 | D:8      | Reached skill level 5 in Fire Magic
  9593 | D:8      | Learned a level 5 spell: Fireball
  9682 | D:8      | Reached skill level 5 in Dodging
  9762 | D:8      | Reached **** piety under Cheibriados
 10450 | D:9      | Noticed a cyclops
 10455 | D:9      | Killed a cyclops
 10502 | D:9      | Found a glowing golden altar of the Shining One.
 10508 | D:9      | Found a radiant altar of Vehumet.
 10579 | D:9      | Noticed a two-headed ogre
 10585 | D:9      | Killed a two-headed ogre
 10683 | D:9      | Reached XP level 11. HP: 40/75 MP: 1/16
 10995 | D:9      | Found a staircase to the Orcish Mines.
 11318 | D:9      | Found an opulent altar of Gozag.
 11543 | D:10     | Entered Level 10 of the Dungeon
 11657 | D:10     | Noticed Urug
 11671 | D:9      | Demolished by Urug

Illustrated notes

Levels and vault maps discovered:
D:1:      amcnicky_arrival_gap_in_the_tavern_cellar, layout_loops_cross
D:2:      minmay_general_purpose_star, layout_basic, serial_shops, shop,
          ebering_ecumenical_altar_sacrificial, kennysheep_generic_room_7,
          uniq_terence
D:3:      minmay_angry_zag, layout_basic, cheibriados_altar_1,
          grunt_decor_mini_mirrors
D:4:      layout_basic
D:5:      layout_gridville, minmay_temple_entry_glassed_door
D:6:      layout_basic, enter_ossuary_2
D:7:      layout_cave_pods, chequers_serial_rivers_room_b, grunt_decor_cap
D:8:      layout_basic, nicolae_dithmenos_the_darkroom
D:9:      layout_roguey, lemuel_doored_altar, amethyst_overflow_temple_binary,
          orc_0_dummy
D:10:     kennysheep_spiral_hall, layout_stronghold, bloody_trog,
          erik_lair_orcish_takeover, serial_undead, serial_undead_c,
          serial_undead_c, serial_undead_b, serial_undead_a, serial_undead_d,
          serial_undead_f, uniq_urug, uniq_maggie

Skill      XL: |  1  2  3  4  5  6  7  8  9 10 11 |
---------------+----------------------------------+-----
Short Blades   | 3 4 5 7 |  7.2
Fighting       | 4 5 6 7 |  7.8
Shields        | 2 3 4 |  4.0
Dodging        | 3 4 6 |  6.4
Evocations     | 2 3 4 |  4.0
Stealth        | 7 8 |  8.0
Spellcasting   | 3 4 |  4.0
Conjurations   | 4 6 7 |  7.0
Fire Magic     | 4 6 |  6.0

Action                   |  1- 3 |  4- 6 |  7- 9 | 10-12 || total
-------------------------+-------+-------+-------+-------++-------
Melee: Short sword       |    23 |    11 |       |       ||    34
       Tentacles         |     5 |    15 |    79 |    27 ||   126
       Constrict         |     3 |    26 |    55 |     2 ||    86
       Dagger            |       |   127 |   239 |    55 ||   421
 Fire: Hunting sling     |       |    15 |    64 |     2 ||    81
Throw: Dart              |       |     5 |     9 |       ||    14
 Cast: Foxfire           |       |       |    77 |    99 ||   176
       Sticky Flame      |       |       |     2 |    22 ||    24
Evoke: Wand              |       |     2 |     5 |     8 ||    15
  Use: Scroll            |     1 |     1 |    16 |     3 ||    21
       Potion            |     1 |     5 |       |     1 ||     7
 Stab: Sleeping          |     8 |    26 |     9 |     2 ||    45
       Distracted        |       |       |     1 |       ||     1
       Fleeing           |       |       |     1 |       ||     1
       Paralysed         |       |       |     1 |     1 ||     2
Armor: Skin              |     1 |    24 |    27 |     7 ||    59
Dodge: Dodged            |     6 |    49 |    92 |    35 ||   182
Block: Buckler           |       |    19 |    98 |    52 ||   169
       Reflection        |       |       |     2 |     3 ||     5

Table legend: (Time is in decaauts)
 A = Elapsed time spent in this place.
 B = Non-inter-level travel time spent in this place.
 C = Inter-level travel time spent in this place.
 D = Time resting spent in this place.
 E = Time spent auto-exploring this place.
 F = Levels seen in this place.
 G = Mean time per level.
                   A        B        C        D        E       F      G
               +--------+--------+--------+--------+--------+-----+--------+
         Total |  13792 |  13302 |    490 |   3399 |   6935 |  11 | 1253.8 |
       Dungeon |  13276 |  12786 |    490 |   3399 |   6682 |  10 | 1327.6 |
       Ossuary |    515 |    515 |      0 |      0 |    253 |   1 |  515.0 |
               +--------+--------+--------+--------+--------+-----+--------+

Top non-repeatable levels by time:
     D:8: 2116 daAuts
     D:7: 1935 daAuts
     D:4: 1927 daAuts
     D:5: 1666 daAuts
     D:9: 1548 daAuts
     D:3: 1361 daAuts
     D:2: 1052 daAuts
     D:6: 959 daAuts
     D:1: 685 daAuts
 Ossuary: 515 daAuts
    D:10: 21 daAuts
